 Dungeon Crawl Stone Soup version 0.29-a0-551-gffc1d7fb78 (webtiles) character file.

Game seed: 13095182934053668096

19 shadowstone the Shield-Bearer (level 2, -2/19 HPs)
             Began as a Gargoyle Fighter on June 6, 2022.
             Slain by a hobgoblin
             ... wielding a +0 dagger
              (4 damage)
             ... on level 1 of the Dungeon.
             The game lasted 00:00:50 (179 turns).

shadowstone the Shield-Bearer (Gargoyle Fighter)     Turns: 179, Time: 00:00:51

Health: -2/19      AC:  9    Str: 19    XL:     2   Next: 75%
Magic:  2/2        EV:  9    Int:  8    God:
Gold:   56         SH:  4    Dex:  9    Spells: 1/1 levels left

rFire   . . .      SeeInvis .   a - +0 trident
rCold   . . .      Faith    .   c - +0 buckler
rNeg    + . .      Spirit   .   b - +0 scale mail
rPois   ∞          Reflect  .   (no helmet)
rElec   +          Harm     .   (no cloak)
rCorr   .          Rampage  .   (no gloves)
Will    .....                   (no boots)
Stlth   ..........              (no amulet)
HPRegen 0.06/turn               (no ring)
MPRegen 0.08/turn               (no ring)

@: no status effects
A: sickness immunity, AC +2, negative energy resistance 1, electricity
resistance, torment resistance 1, petrification resistance
a: no special abilities


You were on level 1 of the Dungeon.
You visited 1 branch of the dungeon, and saw 1 of its levels.

You collected 56 gold pieces.

Inventory:

Hand Weapons
 a - a +0 trident (weapon)
Armour
 b - a +0 scale mail (worn)
 c - a +0 buckler (worn)
Scrolls
 g - a scroll of fog {unknown}
Potions
 d - a potion of might
 f - a potion of mutation {unknown}


   Skills:
 + Level 3.6 Fighting
 + Level 1.9 Polearms
 + Level 3.6 Armour
 + Level 3.6 Shields


You had one spell level left.
You didn't know any spells.
Your spell library was empty.

Dungeon Overview and Level Annotations

Branches:
Dungeon (1/15)

Altars:


Innate Abilities, Weirdness & Mutations

You are immune to sickness and miasma.
Your stone body is resilient. (AC +2)
You are immune to poison.
You resist negative energy. (rN+)
You are resistant to electric shocks. (rElec)
You are resistant to unholy torment.
You are immune to petrification.


Message History

There is a stone staircase leading down here.
You puncture the gnoll!
The gnoll is severely wounded.
The gnoll hits you but does no damage. You block the hobgoblin's attack.
You closely miss the gnoll.
The gnoll is severely wounded.
The gnoll hits you but does no damage.
The hobgoblin hits you but does no damage.
The frilled lizard bites you but does no damage.
You hit the gnoll.
You kill the gnoll!
The hobgoblin hits you but does no damage.
The frilled lizard bites you but does no damage.
The rat bites you but does no damage. You block the hobgoblin's attack.
The frilled lizard bites you but does no damage.
You hit the rat.
You kill the rat!
The frilled lizard bites you. The hobgoblin barely misses you.
The frilled lizard closely misses you. The hobgoblin barely misses you.
Things that are here:
a +0 club; a rat corpse The hobgoblin barely misses you.
The frilled lizard bites you but does no damage.
There is a stone staircase leading down here.
The frilled lizard attacks as you move away!
You block the frilled lizard's attack. The hobgoblin attacks as you move away!
You block the hobgoblin's attack.
The frilled lizard attacks as you move away!
The frilled lizard barely misses you.
You see here a ball python corpse.
The frilled lizard attacks as you move away!
You block the frilled lizard's attack.
You miss the frilled lizard. The frilled lizard closely misses you.
You closely miss the frilled lizard.
The hobgoblin hits you with a +0 dagger.
* * * LOW HITPOINT WARNING * * *
The frilled lizard closely misses you.
You closely miss the frilled lizard.
The hobgoblin hits you with a +0 dagger.
You die...

### .. ###.# ### #...
.... #.. #.... #.##.....
##.#...... #@..#.#...
#.##lg....... .
#.##†.'...._. .
#.##..#...... .
#.##......#..
.############......#...#.
............#.....#.....#
.....######.....>....#...
#..[..#.........)........


You could see a hobgoblin and a frilled lizard.

Vanquished Creatures
  A gnoll (D:1)
  2 ball pythons (D:1)
  2 endoplasms (D:1)
  A goblin (D:1)
  A hobgoblin (D:1)
  2 rats (D:1)
9 creatures vanquished.

Notes
Turn   | Place    | Note
-------+----------+-------------------------------------------
     0 | D:1      | shadowstone the Gargoyle Fighter began the quest for the
                  | Orb.
     0 | D:1      | Reached XP level 1. HP: 14/14 MP: 1/1
   135 | D:1      | Found a faded altar of an unknown god.
   153 | D:1      | Reached XP level 2. HP: 1/19 MP: 2/2
   179 | D:1      | Slain by a hobgoblin

Illustrated notes

Levels and vault maps discovered:
D:1:      dpeg_arrival_orchard, layout_loops_ring,
          hellmonk_ecumenical_altar_blasted

Action                   || total
-------------------------++-------
Melee: Trident           ||    28
  Use: Potion            ||     1
Armor: Scale mail        ||    29
Dodge: Dodged            ||    23
Block: Buckler           ||     7

Table legend: (Time is in decaauts)
 A = Elapsed time spent in this place.
 B = Non-inter-level travel time spent in this place.
 C = Inter-level travel time spent in this place.
 D = Time resting spent in this place.
 E = Time spent auto-exploring this place.
 F = Levels seen in this place.
 G = Mean time per level.
                   A        B        C        D        E       F      G
               +--------+--------+--------+--------+--------+-----+--------+
         Total |    185 |    185 |      0 |      0 |      0 |   1 |  185.0 |
       Dungeon |    185 |    185 |      0 |      0 |      0 |   1 |  185.0 |
               +--------+--------+--------+--------+--------+-----+--------+

Top non-repeatable levels by time:
     D:1: 185 daAuts
